 Dungeon Crawl Stone Soup version 0.25-a0-589-g1e14c549ee (webtiles) character file.

Game seed: 10271660769361927790, levelgen mode: classic

30 EnegeticOcto the Skirmisher (level 3, -3/29 HPs)
             Began as a Mummy Chaos Knight on Mar 13, 2020.
             Was a Plaything of Xom.
             Killed by divine providence
             ... invoked by an orc priest
              (10 damage)
             ... on level 2 of the Dungeon.
             The game lasted 00:01:13 (957 turns).

EnegeticOcto the Skirmisher (Mummy Chaos Knight)     Turns: 957, Time: 00:01:13

Health: -3/29      AC:  5    Str: 16    XL:     3   Next: 5%
Magic:  3/3        EV: 11    Int: 11    God:    Xom [.*....]
Gold:   66         SH:  0    Dex: 11    Spells: 2/2 levels left

rFire    x . .     SeeInvis .   i - +0 hunting sling
rCold    + . .     Gourm    .   (no shield)
rNeg     + + +     Faith    .   b - +2 leather armour
rPois    ∞         Spirit   .   (no helmet)
rElec    .         Reflect  .   (no cloak)
rCorr    .         Harm     .   (no gloves)
MR       .....                  (no boots)
Stlth    +.........             (no amulet)
HPRegen  0.09/turn              (no ring)
MPRegen  0.08/turn              (no ring)

@: no status effects
A: no food or potions, fire vulnerability, cold resistance 1, negative energy
resistance 3, torment resistance, unbreathing
a: Renounce Religion


You were on level 2 of the Dungeon.
You worshipped Xom.
You were a plaything of Xom.
You were not hungry.

You visited 1 branch of the dungeon, and saw 2 of its levels.

You collected 66 gold pieces.

Inventory:

Hand Weapons
 a - a +0 mace of chaos
 i - a +0 hunting sling (weapon)
Missiles
 d - 45 arrows
 h - 12 poisoned darts
 j - 100 stones (quivered)
Armour
 b - a +2 leather armour (worn)
Scrolls
 e - 2 scrolls of identify {unknown}


   Skills:
 + Level 3.4 Fighting
 - Level 3.1 Maces & Flails
 + Level 0.1 Slings
 - Level 1.5 Armour
 - Level 0.7 Dodging


You had 2 spell levels left.
You didn't know any spells.
Your spell library was empty.

Dungeon Overview and Level Annotations

Branches:
Dungeon (2/15)

Altars:


Innate Abilities, Weirdness & Mutations

You do not eat or drink.
Your flesh is vulnerable to fire.
You are immune to poison.
Your flesh is cold resistant. (rC+)
You are immune to negative energy. (rN+++)
You are immune to unholy pain and torment.
You can survive without breathing.


Message History

j - 48 stones (gained 2)
j - 49 stones (gained 1)
j - 50 stones (gained 1)
j - 51 stones (gained 1)
j - 84 stones (gained 33)
You see here a +0 short sword.
j - 85 stones (gained 1)
You see here a +0 short sword.
j - 108 stones (gained 23) Done exploring.
Done exploring.
(D) Dungeon
Where to? (Enter - D:1 @ (x,y), ? - help)
There is a stone staircase leading down here.
You climb downwards.
Found a stone staircase leading up.
There is a stone staircase leading up here.
An ooze comes into view.
Firing (i - inventory. (/) - cycle)
j - 108 stones (quivered)
Press: ? - help, Shift-Dir - straight line, f - ooze
Aim: an ooze (resting)
You shoot a stone.
The stone hits the ooze but does no damage.
The ooze quivers.
The ooze hits you but does no damage.
Firing (i - inventory. (/) - cycle)
j - 107 stones (quivered)
Press: ? - help, Shift-Dir - straight line, f/p - ooze
Aim: an ooze You shoot a stone.
The stone barely misses the ooze.
The ooze hits you.
Firing (i - inventory. (/) - cycle)
j - 106 stones (quivered)
Press: ? - help, Shift-Dir - straight line, f/p - ooze
Aim: an ooze You shoot a stone.
The stone hits the ooze but does no damage.
The ooze closely misses you.
Firing (i - inventory. (/) - cycle)
j - 105 stones (quivered)
Press: ? - help, Shift-Dir - straight line, f/p - ooze
Aim: an ooze You shoot a stone.
The stone hits the ooze.
The ooze is moderately wounded.
The ooze hits you.
Firing (i - inventory. (/) - cycle)
j - 104 stones (quivered)
Press: ? - help, Shift-Dir - straight line, f/p - ooze
Aim: an ooze (moderately wounded)
You shoot a stone. The stone hits the ooze.
The ooze is heavily wounded.
The ooze barely misses you. x2
Firing (i - inventory. (/) - cycle)
j - 103 stones (quivered)
Press: ? - help, Shift-Dir - straight line, f/p - ooze
Aim: an ooze (heavily wounded)
You shoot a stone. The stone hits the ooze.
The ooze is severely wounded.
The ooze closely misses you.
Firing (i - inventory. (/) - cycle)
j - 102 stones (quivered)
Press: ? - help, Shift-Dir - straight line, f/p - ooze
Aim: an ooze (severely wounded)
You shoot a stone.
The stone hits the ooze but does no damage.
The ooze is severely wounded.
The ooze misses you.
Firing (i - inventory. (/) - cycle)
j - 101 stones (quivered)
Press: ? - help, Shift-Dir - straight line, f/p - ooze
Aim: an ooze (severely wounded)
You shoot a stone. The stone hits the ooze.
You kill the ooze!
You have reached level 3!
Your experience leads to an increase in your attributes!
Increase (S)trength, (I)ntelligence, or (D)exterity?
You feel stronger. "Let's go for a ride!"
Your surroundings suddenly seem different.
Your surroundings suddenly seem different.
Your surroundings suddenly seem different.
Your surroundings suddenly seem different.
Found 25 gold pieces. 4 orcs and 3 orc priests come into view.
As you read the scroll labeled NANONO RUAFI, it crumbles to dust.
The creatures around you are filled with an inner flame!
It was a scroll of immolation.
Xom is highly amused!
The orc shouts!
The orc priest shouts! x2; The orc shouts! x3
As you read the scroll labeled FIRUTA QEEFOIL, it crumbles to dust.
The scroll dissolves into smoke.
It was a scroll of fog.
The orc hits you with a +0 hand axe. The orc hits you with a +0 club.
The orc hits you but does no damage.
The orc priest calls down the wrath of Beogh upon you.
Beogh smites you!
As you read the scroll labeled SOH MOINUE, it crumbles to dust.
You feel blessed for a moment.
It was a scroll of remove curse.
The orc priest hits you with a +0 mace. The orc hits you with a +0 hand axe.
The orc hits you with a +0 dagger. The orc hits you with a +0 club.
* * * LOW HITPOINT WARNING * * *
The orc priest closely misses you. The orc hits you with a +0 hand axe.
* * * LOW HITPOINT WARNING * * *
The orc hits you but does no damage.
The orc priest invokes the aid of Beogh against you.
Beogh smites you!
You die...
Xom cackles wildly!

. #.
.###.########
........§§.##
#....§§.§§.##
#...§§§o§§.$#.
#..§§oo§o§§⌠#.
#..§§ooo...$#.
#..§§§@§...##
#..§§.§§..##
#..########
.... .#.. #.
#. .. ..
###.##


You could see 3 orc priests and 3 orcs.

Vanquished Creatures
  An ooze (D:2)
  A dart slug (D:1)
  A giant cockroach (D:1)
  4 goblins (D:1)
  A hobgoblin (D:1)
  2 jackals (D:1)
  4 bats (D:1)
  5 frilled lizards (D:1)
  5 kobolds (D:1)
  2 rats (D:1)
26 creatures vanquished.

Vanquished Creatures (others)
  A goblin (D:1)
1 creature vanquished.

Grand Total: 27 creatures vanquished

Notes
Turn   | Place    | Note
-------+----------+-------------------------------------------
     0 | D:1      | EnegeticOcto the Mummy Chaos Knight began the quest for the
                  | Orb.
     0 | D:1      | Reached XP level 1. HP: 18/18 MP: 1/1
   189 | D:1      | Reached XP level 2. HP: 24/24 MP: 2/2
   213 | D:1      | XOM: divination: detect creatures
   459 | D:1      | XOM: divination: magic mapping
   572 | D:1      | XOM: destruction
   871 | D:2      | Reached XP level 3. HP: 21/29 MP: 3/3
   952 | D:2      | XOM: 4-stop teleportation journey
   957 | D:2      | Killed from afar by an orc priest

Levels and vault maps discovered:
D:1:      minmay_arrival_four_circles, layout_basic
D:2:      cheibrodos_pilgrimage, layout_basic, nemelex_diamond_rough_becter,
          uniq_terence

Skill      XL: |  1  2 |
---------------+-------+-----
Maces & Flails | 3 |  3.1
Fighting       | |  3.4
Slings         | |  0.1
Armour         | |  1.5
Dodging        | |  0.7

Action                   || total
-------------------------++-------
Melee: Mace              ||    78
 Fire: Hunting sling     ||     8
  Use: Scroll            ||     3
Armor: Leather armour    ||    52
Dodge: Dodged            ||    91

Table legend:
 A = Non-vault XP
 B = Vault XP
 C = Vault XP percentage of total XP
 D = Non-vault monster count
 E = Vault monster count
 F = Vault count percentage of total count
                 A         B        C        D         E       F
            +---------+---------+-------+---------+---------+-------
      Total |      44 |       0 |   0.0 |      26 |       0 |   0.0
            +---------+---------+-------+---------+---------+-------
        D:1 |      37 |       0 |   0.0 |      25 |       0 |   0.0
        D:2 |       7 |       0 |   0.0 |       1 |       0 |   0.0
            +---------+---------+-------+---------+---------+-------
